[Event "Titled Tuesday Blitz July 27 2021"]
[White "Siva Mahadevan"]
[Black "Terry, Renato"]
[WhiteFideId "25043153"]
[BlackFideId "3803457"]
[WhiteElo "2203"]
[BlackElo "2581"]
[Result "1-0"]
[Round "11"]
[TimeControl "180+1"]
[Date "2021.07.27"]
[WhiteClock "0:00:07"]
[BlackClock "0:00:02"]

1. e4 e6 2. d4 d5 3. Nd2 Be7 4. Ngf3 Nf6 5. e5 Nfd7 6. Bd3 c5 7. c3 Nc6 8. O-O a5 9. a4 Qb6 10. Re1 h6 11. c4 Nb4 12. Bf1 O-O 13. cxd5 exd5 14. Nb1 cxd4 15. Bf4 Bc5 16. Nbd2 d3 17. Bg3 Nc2 18. Bxd3 Nxa1 19. Qxa1 Re8 20. Qd1 Nf8 21. Bb1 Qxb2 22. Nb3 Bb6 23. Nbd4 Bg4 24. Qd3 Rac8 25. h3 Rc3 26. Qf1 Bxd4 27. hxg4 Bc5 28. g5 h5 29. Bf5 Ba3 30. Bf4 Rc4 31. g3 Rxa4 32. Rb1 Qc3 33. Kg2 Rb4 34. Rd1 d4 35. Bd2 Qc6 36. Bxb4 Bxb4 37. Qe2 Bc3 38. Be4 Qc5 39. Bxb7 Re7 40. Be4 a4 41. Qa2 a3 42. g6 Ne6 43. gxf7+ Kf8 44. Rh1 g6 45. Bf5 gxf5 46. Rxh5 Kxf7 47. Rxf5+ Ke8 48. Rf6 Kd7 49. Qc2 Nc7 50. Qa4+ Kc8 51. Rf8+ Kb7 52. Qb3+ Kc6 53. Qa4+ 1-0


[Site "https://www.chess.com"]

[Event "Titled Tuesday Blitz July 27 2021"]
[White "Stribuk, Artiom"]
[Black "Miranda, Rafael"]
[WhiteFideId "13515659"]
[BlackFideId "130990"]
[WhiteElo "2224"]
[BlackElo "2159"]
[Result "0-1"]
[Round "11"]
[TimeControl "180+1"]
[Date "2021.07.27"]
[WhiteClock "0:00:02"]
[BlackClock "0:00:33"]

1. d4 Nf6 2. c4 g6 3. Nf3 Bg7 4. g3 O-O 5. Bg2 d5 6. O-O dxc4 7. Na3 Nc6 8. Nxc4 Be6 9. Nce5 Bd5 10. Bf4 Nh5 11. Be3 Nf6 12. Rc1 a5 13. a3 a4 14. Bf4 Na5 15. Nd3 c6 16. Be5 Nb3 17. Rc3 Ne4 18. Rc2 f6 19. Bf4 g5 20. Bc1 g4 21. Nd2 Nexd2 22. Bxd2 Nxd4 23. Rc5 Bxg2 24. Kxg2 b6 25. Rh5 Qe8 26. Rh4 f5 27. Bc3 c5 28. Bxd4 cxd4 29. h3 Bf6 30. Rh6 Kg7 31. Qd2 Qc6+ 32. f3 Rac8 33. hxg4 Qc2 34. Qxc2 Rxc2 35. Rfh1 Rxe2+ 36. Kf1 Rd2 37. Rxh7+ Kg8 38. Nf4 Rc8 39. Ke1 Rxb2 40. Nd3 Ra2 41. Kd1 Rc3 42. Nf4 fxg4 43. Nd5 Ra1+ 44. Kd2 Rxh1 45. Nxf6+ exf6 46. Rxh1 gxf3 47. Rh4 Rxa3 48. Rxd4 b5 0-1


[Site "https://www.chess.com"]

[Event "Titled Tuesday Blitz July 27 2021"]
[White "Swicarz, Maciej"]
[Black "Chitlange Sakshi"]
[WhiteFideId "1113585"]
[BlackFideId "35002899"]
[WhiteElo "2199"]
[BlackElo "1787"]
[Result "1-0"]
[Round "11"]
[TimeControl "180+1"]
[Date "2021.07.27"]
[WhiteClock "0:01:42"]
[BlackClock "0:00:40"]

1. c4 e6 2. Nc3 d5 3. d4 a6 4. cxd5 exd5 5. Nf3 Nf6 6. Bg5 Be7 7. e3 O-O 8. Bd3 h6 9. Bxf6 Bxf6 10. O-O c6 11. b4 Bg4 12. h3 Bh5 13. a4 Nd7 14. b5 axb5 15. axb5 Rxa1 16. Qxa1 Bxf3 17. gxf3 Nb6 18. Qa7 c5 19. dxc5 Bxc3 20. cxb6 Qg5+ 21. Kh2 Be5+ 22. f4 Bxf4+ 23. exf4 Qxf4+ 24. Kg2 Qg5+ 25. Kf3 Qf6+ 26. Ke3 Re8+ 27. Kd2 Qb2+ 28. Bc2 Qxb5 29. Rb1 Qc5 30. Qa4 Qxf2+ 31. Kc1 Re1+ 32. Kb2 Qxb6+ 33. Ka2 Rxb1 34. Bxb1 Qf2+ 35. Ka1 Qe3 36. Qa8+ 1-0


[Site "https://www.chess.com"]

[Event "Titled Tuesday Blitz July 27 2021"]
[White "Tokman, Ariel"]
[Black "Eggleston, Thomas A"]
[WhiteFideId "117420"]
[BlackFideId "412139"]
[WhiteElo "2345"]
[BlackElo "2174"]
[Result "1-0"]
[Round "11"]
[TimeControl "180+1"]
[Date "2021.07.27"]
[WhiteClock "0:02:17"]
[BlackClock "0:01:58"]

1. c4 e6 2. Nc3 d5 3. g3 dxc4 4. Nf3 Nf6 5. Qa4+ Nbd7 6. Qxc4 a6 7. Bg2 c5 8. d3 b5 9. Qb3 Bb7 10. O-O Be7 11. a4 b4 12. Nb1 Bd5 13. Qc2 Rc8 14. Nbd2 a5 15. Nc4 h6 16. b3 e5 17. Nfxe5 Bxg2 18. Kxg2 Nxe5 19. Nxe5 Qd5+ 20. Nf3 h5 21. e4 Qb7 22. Bb2 h4 23. Nxh4 g5 24. Nf5 g4 25. Bxf6 Qc6 26. Bxe7 Qg6 27. Bh4 1-0


[Site "https://www.chess.com"]

[Event "Titled Tuesday Blitz July 27 2021"]
[White "Tologon tegin, Semetei"]
[Black "Osmonbekov, Talaibek"]
[WhiteFideId "13800574"]
[BlackFideId "2017253"]
[WhiteElo "2224"]
[BlackElo "2135"]
[Result "1-0"]
[Round "11"]
[TimeControl "180+1"]
[Date "2021.07.27"]
[WhiteClock "0:01:32"]
[BlackClock "0:00:10"]

1. e4 c5 2. d4 cxd4 3. c3 d3 4. Bxd3 Nc6 5. Nf3 g6 6. O-O Bg7 7. Bg5 d6 8. h3 Nf6 9. Na3 O-O 10. Qd2 Re8 11. Bh6 Bh8 12. Rfe1 a6 13. Nc4 b5 14. Ne3 Bb7 15. Nd5 Rc8 16. Rad1 Na5 17. Nxf6+ Bxf6 18. Qe2 Qc7 19. h4 Nc4 20. h5 b4 21. b3 Nb6 22. c4 a5 23. hxg6 hxg6 24. Ng5 Qc5 25. Qg4 Ra8 26. Re3 Bc8 27. Qh4 a4 28. Rf3 Be6 29. Bg7 Bxg7 30. Qh7+ 1-0


[Site "https://www.chess.com"]

[Event "Titled Tuesday Blitz July 27 2021"]
[White "Tomiello, Lucas Costamilan"]
[Black "Terletsky, Oleg"]
[WhiteFideId "22701940"]
[BlackFideId "14116774"]
[WhiteElo "1945"]
[BlackElo "2094"]
[Result "1-0"]
[Round "11"]
[TimeControl "180+1"]
[Date "2021.07.27"]
[WhiteClock "0:00:17"]
[BlackClock "0:00:21"]

1. e4 e5 2. Nf3 Nc6 3. Bb5 a6 4. Ba4 Nf6 5. O-O Be7 6. Re1 b5 7. Bb3 d6 8. c3 O-O 9. h3 Bb7 10. d4 Re8 11. Nbd2 Bf8 12. Bc2 g6 13. a3 Nb8 14. d5 c6 15. c4 bxc4 16. dxc6 Bxc6 17. Nxc4 Nxe4 18. Rxe4 d5 19. Rxe5 dxc4 20. Rxe8 Qxe8 21. Nd4 Bb7 22. Bd2 Bg7 23. Bc3 Nd7 24. Qd2 Nc5 25. Re1 Qd7 26. Qe3 Qd5 27. Nf3 Nd3 28. Rd1 Rd8 29. Bxg7 Kxg7 30. b3 Qh5 31. bxc4 Bxf3 32. Qxf3 1-0


[Site "https://www.chess.com"]

[Event "Titled Tuesday Blitz July 27 2021"]
[White "Tsaruk, Maksim"]
[Black "Zhigalko, Sergei"]
[WhiteFideId "13511173"]
[BlackFideId "13502956"]
[WhiteElo "2184"]
[BlackElo "2662"]
[Result "1/2-1/2"]
[Round "11"]
[TimeControl "180+1"]
[Date "2021.07.27"]
[WhiteClock "0:01:01"]
[BlackClock "0:00:03"]

1. e4 c5 2. Nf3 Nc6 3. d4 cxd4 4. Nxd4 Nf6 5. Nc3 e5 6. Ndb5 d6 7. Bg5 a6 8. Na3 b5 9. Nd5 Be7 10. Bxf6 Bxf6 11. c3 Bg5 12. Nc2 Ne7 13. Nxe7 Qxe7 14. a4 bxa4 15. Rxa4 O-O 16. Bc4 a5 17. O-O Bd7 18. Ra2 Kh8 19. Bd5 Rab8 20. Qa1 a4 21. Nb4 Qe8 22. Qd1 g6 23. Bc4 Rb6 24. Bd3 f5 25. exf5 gxf5 26. Bc2 Qf7 27. Bxa4 Be6 28. Ra1 Rg8 29. Bc6 Bf4 30. Bd5 Rxb4 31. Bxe6 Qxe6 32. cxb4 e4 33. Ra5 Bxh2+ 34. Kxh2 Qh6+ 35. Kg1 Rxg2+ 36. Kxg2 Qg5+ 37. Kh3 Qh6+ 38. Kg3 Qg5+ 1/2-1/2


[Site "https://www.chess.com"]

[Event "Titled Tuesday Blitz July 27 2021"]
[White "Urazayev, Arystanbek"]
[Black "Vokhidov, Shamsiddin"]
[WhiteFideId "13709810"]
[BlackFideId "14204223"]
[WhiteElo "2321"]
[BlackElo "2572"]
[Result "1-0"]
[Round "11"]
[TimeControl "180+1"]
[Date "2021.07.27"]
[WhiteClock "0:01:18"]
[BlackClock "0:01:48"]

1. d4 Nf6 2. c4 e6 3. Nc3 Bb4 4. g3 O-O 5. Bg2 d5 6. Nf3 dxc4 7. O-O Nc6 8. a3 Bd6 9. Qa4 e5 10. Qxc4 exd4 11. Nxd4 Nxd4 12. Qxd4 h6 13. Nb5 Qe7 14. Nxd6 cxd6 15. Bf4 Rd8 16. Rfe1 Be6 17. Rad1 a6 18. Bxd6 Qd7 19. Qb4 Qe8 20. Bxb7 a5 21. Qb6 Bh3 22. Bxa8 Rxa8 23. f3 Ra6 24. Qxa6 Qe3+ 25. Kh1 Ng4 26. Qa8+ Kh7 27. Qe4+ 1-0


[Site "https://www.chess.com"]

[Event "Titled Tuesday Blitz July 27 2021"]
[White "Vasquez Schroeder, Rodrigo"]
[Black "Costachi, Mihnea"]
[WhiteFideId "3400042"]
[BlackFideId "1217518"]
[WhiteElo "2572"]
[BlackElo "2482"]
[Result "0-1"]
[Round "11"]
[TimeControl "180+1"]
[Date "2021.07.27"]
[WhiteClock "0:00:32"]
[BlackClock "0:00:29"]

1. e4 e5 2. Nf3 Nc6 3. Bc4 Bc5 4. b4 Bxb4 5. c3 Ba5 6. d4 exd4 7. Qb3 Qe7 8. O-O d6 9. cxd4 Nf6 10. d5 Ne5 11. Nxe5 Qxe5 12. Bb2 Qxe4 13. Qb5+ Bd7 14. Qxa5 Qxc4 15. Bxf6 gxf6 16. Nd2 Qc5 17. Rfe1+ Kd8 18. Qxc5 dxc5 19. Ne4 b6 20. Nxf6 h5 21. Re4 Rh6 22. Rf4 Ke7 23. Re1+ Kd6 24. Ne4+ Kxd5 25. Rd1+ Kc6 26. Rxf7 Be6 27. Re7 Bxa2 28. Rdd7 Rc8 29. Ng5 Rd6 30. Rxd6+ Kxd6 31. Rh7 Re8 32. f4 c4 33. Rh6+ Kc5 34. Rxh5 Kb4 35. Rh7 c3 36. Rxc7 Bc4 0-1


[Site "https://www.chess.com"]

[Event "Titled Tuesday Blitz July 27 2021"]
[White "Vlassov, Nikolai"]
[Black "Kobo, Ori"]
[WhiteFideId "4103360"]
[BlackFideId "2812320"]
[WhiteElo "2407"]
[BlackElo "2431"]
[Result "1-0"]
[Round "11"]
[TimeControl "180+1"]
[Date "2021.07.27"]
[WhiteClock "0:00:31"]
[BlackClock "0:00:02"]

1. e4 g6 2. h4 Nf6 3. e5 Nh5 4. g4 Ng7 5. h5 gxh5 6. gxh5 d6 7. f4 dxe5 8. fxe5 Nc6 9. Nc3 Nxe5 10. d4 Bg4 11. Be2 Bxe2 12. Qxe2 Qxd4 13. Nb5 Qc5 14. Be3 Qc6 15. Bf4 f6 16. Bxe5 fxe5 17. Qxe5 Ne6 18. O-O-O Bg7 19. Qxe6 Qxe6 20. Nxc7+ Kf7 21. Nxe6 Kxe6 22. Nf3 Bf6 23. Rhe1+ Kf7 24. Ne5+ Bxe5 25. Rxe5 Rhd8 26. Rf1+ Ke8 27. Rg1 Kf7 28. h6 Kf6 29. Re3 Rg8 30. Rf1+ Kg5 31. Rxe7 Kxh6 32. Rh1+ Kg5 33. Rhxh7 Rad8 34. Rxb7 Rgf8 35. Rbg7+ Kf4 36. Rxa7 Rg8 37. Raf7+ Ke5 38. b3 Rg1+ 39. Kb2 Rg2 40. Rc7 Rd1 41. Rc4 Rgg1 42. Rh5+ Ke6 43. Rc6+ Kd7 44. Ra6 Rb1+ 45. Ka3 1-0


[Site "https://www.chess.com"]

[Event "Titled Tuesday Blitz July 27 2021"]
[White "Volkov, Maksim"]
[Black "Piesik, Piotr"]
[WhiteFideId "54123070"]
[BlackFideId "1136194"]
[WhiteElo "2113"]
[BlackElo "2354"]
[Result "1-0"]
[Round "11"]
[TimeControl "180+1"]
[Date "2021.07.27"]
[WhiteClock "0:00:18"]
[BlackClock "0:00:04"]

1. d4 c5 2. d5 e5 3. e4 d6 4. h3 Be7 5. Nf3 Nf6 6. Nc3 O-O 7. Bd3 Na6 8. a3 Nc7 9. a4 b6 10. g4 a6 11. Ne2 b5 12. axb5 axb5 13. Rxa8 Nxa8 14. Ng3 c4 15. Be2 Nb6 16. O-O Nfd7 17. Be3 Qc7 18. Nf5 Re8 19. b4 cxb3 20. cxb3 Nc5 21. Ng3 Bd7 22. Qb1 b4 23. Rc1 Ra8 24. Bd2 Qb7 25. Bxb4 Na6 26. Bd2 Nc8 27. Nf5 Bxf5 28. gxf5 Na7 29. Qa2 Nb5 30. Qa5 Nac7 31. Qb4 Rb8 32. Bxb5 Nxb5 33. Kg2 Bd8 34. Rc6 Bc7 35. Qc4 Bd8 36. b4 f6 37. h4 Kf7 38. Qc1 Ke7 39. Ne1 Na7 40. Rc4 Bb6 41. Nd3 Rc8 42. Nb2 Rxc4 43. Qxc4 Kd7 44. Kf3 Bd4 45. Nd3 Qb5 46. Qxb5+ Nxb5 47. h5 Kc7 48. h6 gxh6 49. Bxh6 Kd7 50. Bd2 Bb6 51. Kg4 Ke7 52. Kh5 Kf7 53. Kh6 Kg8 54. f4 Nd4 55. fxe5 dxe5 56. Be3 Nxf5+ 57. exf5 Bxe3+ 58. Kh5 Kf7 59. b5 Ke7 60. Kg4 1-0


[Site "https://www.chess.com"]

[Event "Titled Tuesday Blitz July 27 2021"]
[White "Wiewiora, Eneasz"]
[Black "Gokerkan, Cem Kaan"]
[WhiteFideId "1140396"]
[BlackFideId "6336760"]
[WhiteElo "2312"]
[BlackElo "2361"]
[Result "1-0"]
[Round "11"]
[TimeControl "180+1"]
[Date "2021.07.27"]
[WhiteClock "0:00:03"]
[BlackClock "0:00:02"]

1. e4 e5 2. Nf3 Nc6 3. Bc4 Bc5 4. O-O Nf6 5. d3 d6 6. c3 a6 7. a4 h6 8. Nbd2 O-O 9. h3 Be6 10. Re1 Ba7 11. b4 Re8 12. Qb3 d5 13. exd5 Bxd5 14. Ne4 Nxe4 15. dxe4 Bxc4 16. Qxc4 Qf6 17. Be3 b5 18. Qe2 Bxe3 19. Qxe3 Qe7 20. g3 Red8 21. Kg2 Qe6 22. axb5 axb5 23. Rxa8 Rxa8 24. Qc5 Rb8 25. Ra1 f6 26. Ra6 Rb6 27. Rxb6 cxb6 28. Qxb6 Qc4 29. Qe3 Kf7 30. h4 h5 31. Nd2 Qa2 32. Qd3 Ne7 33. Nf1 Qb3 34. Ne3 Qa4 35. Qd7 Kf8 36. Qd8+ Kf7 37. Qd7 Kf8 38. Nd5 Nxd5 39. exd5 Qc2 40. Qc8+ Kf7 41. Qb7+ Kg6 42. d6 Qd3 43. d7 e4 44. Qc6 Kh7 45. Qe6 Qf3+ 46. Kg1 e3 47. Qxe3 Qd1+ 48. Kg2 Qxd7 49. Qe4+ Kg8 50. Qf3 Kh8 51. Qxh5+ Kg8 52. Qf3 Kh8 53. h5 Kg8 54. h6 gxh6 55. Qxf6 Qd5+ 56. Qf3 Qc4 57. Qe3 Kh7 58. Kf3 Qf7+ 59. Qf4 Qb3 60. Qe4+ Kg7 61. Qe5+ Kg6 62. Kg2 h5 63. Qxb5 Qxc3 64. Qb6+ Kg7 65. Qc5 Qd3 66. Qg5+ Kf8 67. Qxh5 Qe4+ 68. Qf3+ 1-0